 Dungeon Crawl Stone Soup version 0.32-a0-558-g233958a4c4 (webtiles) character file.

Game seed: 18431635687135045634

209196 senseless the Warrior (level 18, 0/156 HPs)
             Began as a Coglin Fighter on Mar 1, 2024.
             Was the Champion of the Shining One.
             Succumbed to a wolf spider's poison
             ... on level 4 of the Spider Nest.
             The game lasted 01:29:26 (30979 turns).

senseless the Warrior (Coglin Fighter)             Turns: 30979, Time: 01:29:26

Health: 0/156      AC: 36    Str: 22    XL:     18   Next: 81%
Magic:  8/18       EV: 10    Int:  8    God:    the Shining One [******]
Gold:   2611       SH:  0    Dex: 20    Spells: 17/17 levels left

rFire   + . .        g - +7 broad axe {Takurtum}
rCold   + . .        d - +6 broad axe "Myor" {freeze, Dex+4}
rNeg    + + +        H - +9 scales of the Dragon King {rPois rF+ rC+ Will+}
rPois   +            F - +2 hat
rElec   .            W - +2 cloak {rCorr}
rCorr   +            N - +2 pair of gloves {hurl}
SInv    .            x - +1 pair of boots
Will    +....        (amulet unavailable) Stlth
                     (ring unavailable)
HPRegen 0.46/turn    (ring unavailable)
MPRegen 0.16/turn    Q - neoturbine N-10 {RevParry, Will+ Slay+3}

%: no passive effects
@: lethally poisoned (0 -> -12), weak-willed, corroded, glowing, unable to
drink, revving
A: off-hand wielding, slow wielding, warmup strikes, no jewelry, inability to
drink after injury 1
}: 1/15 runes: decaying
a: Renounce Religion, Divine Shield, Cleansing Flame, Summon Divine Warrior,
Brand Weapon With Holy Wrath


You were on level 4 of the Spider Nest.
You worshipped the Shining One.
The Shining One was exalted by your worship.
You visited 6 branches of the dungeon, and saw 29 of its levels.
You also visited: Ice Cave.

You collected 3038 gold pieces.
You spent 427 gold pieces at shops.

Inventory:

Hand Weapons
 a - a +8 war axe of protection {Suphaphon}
 d - the +6 broad axe "Myor" (offhand) {freeze, Dex+4}
   (You found it on level 13 of the Dungeon)

   Dex+4:     It affects your dexterity (+4).
 g - a +7 broad axe (weapon) {Takurtum}
 X - a +3 triple crossbow of flaming
Missiles
 e - 5 darts of dispersal
 i - a curare-tipped dart
 n - 64 poisoned darts
 L - 15 silver javelins
Armour
 x - a +1 pair of boots (worn)
 F - a +2 hat (worn)
 H - the +9 scales of the Dragon King (worn) {rPois rF+ rC+ Will+}
   (You found it on level 13 of the Dungeon)

   rF+:       It protects you from fire.
   rC+:       It protects you from cold.
   rPois:     It protects you from poison Will+: It increases your willpower.
 N - a +2 pair of gloves of hurling (worn)
 V - a +2 crystal plate armour
 W - a +2 cloak of preservation (worn)
Gizmo
 Q - a neoturbine N-10 (installed) {RevParry, Will+ Slay+3}
   (You invented it yourself on level 1 of the Lair of Beasts)

   [neoturbine N-10]

   RevParry:  While fully Revved, you have +5 AC and your attacks may knock an
   enemy's weapon away.
   Slay+3:    It affects your accuracy & damage with ranged weapons and melee
   (+3).
   Will+:     It increases your willpower.
Wands
 c - a wand of iceblast (7)
 h - a wand of paralysis (41)
 k - a wand of mindburst (6)
 y - a wand of digging (25)
 O - a wand of flame (24)
 T - a wand of light (17) (quivered)
Scrolls
 p - 7 scrolls of teleportation
 r - 4 scrolls of fog
 w - 2 scrolls of silence
 C - 6 scrolls of poison
 D - 5 scrolls of immolation
 G - 2 scrolls of summoning
 I - 11 scrolls of identify
 K - 2 scrolls of vulnerability
 S - 3 scrolls of revelation
 U - 4 scrolls of fear
 Y - a scroll of amnesia
 Z - 2 scrolls of blinking
Potions
 b - 2 potions of mutation
 f - 5 potions of curing
 j - 5 potions of haste
 l - 2 potions of heal wounds
 o - 4 potions of lignification
 q - 2 potions of berserk rage
 t - 2 potions of attraction
 v - 2 potions of magic
 z - 3 potions of brilliance
 A - 3 potions of resistance
 B - a potion of cancellation
 J - 4 potions of might
 P - 3 potions of enlightenment
 R - 4 potions of ambrosia
Miscellaneous
 E - a phial of floods


   Skills:
 * Level 17.7 Fighting
 * Level 17.5 Axes
 * Level 16.3 Armour
 + Level 10.8 Dodging
 - Level 2.1 Shields
 + Level 13.6 Evocations


You had 17 spell levels left.
You didn't know any spells.
Your spell library contained the following spells:

 Spells                   Type           Power      Damage    Failure   Level
 Magic Dart               Conj           0%         1d3       100%        1
 Necrotise                Necr           0%         1d4       100%        1
 Blink                    Tloc           0%         N/A       100%        2
 Call Imp                 Summ           0%         N/A       100%        2
 Ensorcelled Hibernation  Hex/Ice        0%         N/A       100%        2
 Lesser Beckoning         Tloc           0%         N/A       100%        2
 Sublimation of Blood     Necr           0%         N/A       100%        2
 Call Canine Familiar     Summ           0%         N/A       100%        3
 Frozen Ramparts          Ice            0%         1d1       100%        3
 Gell's Gravitas          Tloc           0%         N/A       100%        3
 Passwall                 Erth           0%         N/A       100%        3
 Sigil of Binding         Hex            0%         N/A       100%        3
 Swiftness                Air            0%         N/A       100%        3
 Teleport Other           Tloc           0%         N/A       100%        3
 Vampiric Draining        Necr           0%         2d6       100%        3
 Anguish                  Hex/Necr       0%         N/A       100%        4
 Animate Dead             Necr           0%         N/A       100%        4
 Cause Fear               Hex            0%         N/A       100%        4
 Dimensional Bullseye     Hex/Tloc       0%         N/A       100%        4
 Leda's Liquefaction      Alch/Erth      0%         N/A       100%        4
 Martyr's Knell           Necr/Summ      0%         N/A       100%        4
 Petrify                  Alch/Erth      0%         N/A       100%        4
 Vhi's Electric Charge    Tloc/Air       0%         N/A       100%        4
 Arcjolt                  Conj/Air       0%         1d10      100%        5
 Borgnjor's Vile Clutch   Necr/Erth      0%         N/A       100%        5
 Curse of Agony           Necr           0%         N/A       100%        5
 Irradiate                Conj/Alch      0%         3d11      100%        5
 Metabolic Englaciation   Hex/Ice        0%         N/A       100%        5
 Death Channel            Necr           0%         N/A       100%        6
 Plasma Beam              Fire/Air       0%         2x1d10    100%        6
 Enfeeble                 Hex            0%         N/A       100%        7


Dungeon Overview and Level Annotations

Branches:
Dungeon (13/15)            Temple (1/1) D:5            Lair (5/5) D:9
  Swamp (4/4) Lair:3       Spider (4/4) Lair:3        Slime (0/5) Lair:5
    Orc (2/2) D:10            Elf (0/3) Orc:2        Vaults (0/5) D:13
  IceCv (visited)

Altars:
Ashenzari
Cheibriados
Dithmenos
Elyvilon
Fedhas
Gozag
Hepliaklqana
Kikubaaqudgha
Makhleb
Nemelex Xobeh
Okawaru
Qazlal
Ru
Sif Muna
Trog
Uskayaw
Vehumet
Wu Jian
Xom
Yredelemnul
Zin
The Shining One
Beogh

Shops:
D:10 (?:*   Orc:1 [   Orc:2 (*(==


Innate Abilities, Weirdness & Mutations

You can wield a second weapon in your off-hand.
It takes a long time for you to wield or remove held weapons.
Your first few attacks do less damage.
You cannot equip rings or amulets.
You occasionally lose the ability to drink potions when taking damage.


Message History

The entropy weaver hits you.
* * * LOW HITPOINT WARNING * * *
You feel threatened and lose the ability to drink potions!
The entropy weaver barely misses you.
The entropy weaver hits you but does no damage. x2
The jorogumo hits you but does no damage.
The wolf spider hits you!
* * * LOW HITPOINT WARNING * * *
The wolf spider bites you.
* * * LOW HITPOINT WARNING * * *
You are lethally poisoned!
The wolf spider poisons you!
The culicivora chitters at the wolf spider.
The wolf spider is healed somewhat.
The hell beast bites you.
* * * LOW HITPOINT WARNING * * *
The hell beast tramples you but does no damage.
As you read the scroll of fear, it crumbles to dust.
You assume a fearsome visage.
The orb spider looks frightened!
The hell beast looks frightened!
The wolf spider looks frightened!
The jorogumo looks frightened!
The entropy weaver resists with some effort.
The culicivora looks frightened!
The redback looks frightened!
* * * LOW HITPOINT WARNING * * *
You feel extremely sick.
The entropy weaver casts a spell at you.
The entropic weave corrodes you!
You hear a loud "Zot"!
The entropy weaver casts a spell at you.
The entropic weave corrodes you!
You cannot drink potions in your current state!
Okay, then.
Activating: Cleansing Flame (75% risk of failure)
Press: ? - help, Dir - look around, f - activate You fail to use your ability.
Your surroundings seem slightly different.
* * * LOW HITPOINT WARNING * * *
You feel very sick.
* * * LOW HITPOINT WARNING * * *
You feel very sick.
You die...

.^.#..^~≈≈# ##≈≈
.......~≈≈## #≈≈≈
#.^....^~≈≈≈## ###≈≈≈
#.#.....~~≈≈≈######≈≈≈≈≈
#........~~≈≈≈≈≈≈≈≈≈≈≈≈~
#..^......~~≈≈~≈≈2≈≈~~~~
.~.........~~~~~~~~~~~$.
#.....#...^..B§.....†~^
##^...@.~.#..#......†.#
#^~...~.#......^.^.†#^
###^.^##^.............
#.^^#.#.^#.^#.~.s#.~
##### ##.###...s####
........#. . ###....#.
.#.


You could see an entropy weaver.

Vanquished Creatures
  the Lernaean hydra (Swamp:4)
  Nikola (Swamp:2)
  Arachne (Spider:4)
  Jorgrun (Swamp:1)
  Mlioglotl (Spider:4)
  Aizul (Spider:1)
  The ghost of reggie the Thaumaturge, a journeyman DrHW of Sif Muna (Swamp:2)
  A frost giant (Orc:1)
  2 emperor scorpions
  2 ghost moths
  2 orc warlords (Orc:2)
  A reaper (IceCv)
  The ghost of Konar the Skirmisher, a journeyman CoHs of Hepliaklqana (Orc:2)
  4 eleionomae
  2 bunyips
  2 minotaurs (D:11)
  4 dire elephants (Lair:5)
  The ghost of fpsbossfight the Thaumaturge, a journeyman DjAl of Zin (Lair:1)
  3 entropy weavers
  5 vault guards (D:13)
  Erolcha (D:9)
  A radroach (Spider:1)
  12 alligators
  4 ghost crabs
  16 hydras
  2 catoblepae
  A centaur warrior (D:13)
  A death knight (D:13)
  2 dancing weapons
  A death scarab (Spider:2)
  4 boulder beetles
  4 two-headed ogres
  17 death yaks
  A spectral dire elephant (Lair:5)
  4 orc high priests (Orc:2)
  Urug (Orc:1)
  3 demonic crawlers
  Nergalle (D:10)
  A spectral death yak (Lair:5)
  A spectral anaconda (Lair:5)
  2 skysharks
  7 goliath frogs
  10 pharaoh ants
  2 skeletal warriors (D:13)
  3 spriggan druids
  11 orb spiders
  An obsidian statue (Lair:5)
  A sun moth (Spider:3)
  A lindwurm (Lair:5)
  6 bog bodies
  4 necromancers (Lair:5)
  10 swamp dragons
  A deep elf pyromancer (D:12)
  A phantasmal warrior (D:13)
  2 ugly things
  7 steelbarb worms
  2 manticores
  12 wolf spiders
  4 will-o-the-wisps
  Maurice (D:8)
  7 orc sorcerers (Orc:2)
  14 cyclopes (Orc:1)
  2 moths of wrath
  9 black mambas
  4 meliai
  A kobold blastminer (Orc:1)
  2 ice statues (IceCv)
  Joseph (D:8)
  9 elephants
  15 cane toads
  An unseen horror (D:13)
  4 torpor snails
  6 rime drakes
  An efreet (D:13)
  A freezing wraith (IceCv)
  9 yaktaurs (D:11)
  3 anaconda simulacra (IceCv)
  4 kobold demonologists (D:12)
  16 komodo dragons
  4 ice devils (IceCv)
  4 polar bears
  8 tyrant leeches
  10 trolls
  7 hornets
  23 tarantellas
  9 dream sheep
  14 blink frogs
  17 culicivoras
  21 jumping spiders
  3 dire elephant simulacra (IceCv)
  11 spriggans
  4 wyverns
  2 wraiths
  Eustachio (D:6)
  8 basilisks
  8 wargs
  6 humans (D:13)
  9 vampire mosquitoes
  42 redbacks
  61 yaks
  A spectral cane toad (Lair:5)
  2 death yak simulacra (Lair:5)
  2 acid dragons
  2 harpy simulacra (IceCv)
  9 swamp worms
  Duvessa (D:4)
  25 water moccasins
  2 hydra simulacra (IceCv)
  35 orc warriors
  An ice beast (D:5)
  2 sky beasts (D:7)
  An elephant zombie (Lair:5)
  10 swamp drakes (Swamp:4)
  3 black bears
  12 ogres
  2 elephant skeletons (Lair:5)
  17 wolves
  8 centaurs
  A phantom (D:6)
  10 bullfrogs
  5 kobold brigands
  2 gnoll sergeants
  A scorpion (D:5)
  2 cane toad simulacra (IceCv)
  Dowan (D:4)
  9 killer bees
  2 elephant simulacra
  2 howler monkeys
  3 electric eels
  A bombardier beetle (D:6)
  2 gnoll boudas
  35 orc priests
  3 hounds
  A sleepcap (D:7)
  17 iguanas
  40 orc wizards
  2 hell rats (Lair:3)
  2 troll simulacra (IceCv)
  30 gnolls
  11 river rats (Lair:3)
  6 adders
  A shadow imp (D:7)
  2 white imps
  5 ufetubi
  2 dart slugs
  A ribbon worm (D:4)
  99 orcs
  11 endoplasms
  3 giant cockroaches
  6 goblins
  6 hobgoblins
  5 jackals
  11 quokkas
  3 ball pythons
  3 bats
  21 frilled lizards
  29 kobolds
  7 rats
  A spectral weapon (Swamp:1)
1123 creatures vanquished.

Vanquished Creatures (others)
  A swamp dragon (Swamp:4)
  A bloated husk (Swamp:1)
  A human (D:13)
  A swamp worm (Swamp:3)
  An orc wizard (Orc:2)
  8 foxfires
13 creatures vanquished.

Grand Total: 1136 creatures vanquished

Notes
Turn   | Place    | Note
-------+----------+-------------------------------------------
     0 | D:1      | senseless the Coglin Fighter began the quest for the Orb.
     0 | D:1      | Reached XP level 1. HP: 18/18 MP: 1/1
   124 | D:1      | Reached XP level 2. HP: 24/24 MP: 2/2
   431 | D:1      | Reached XP level 3. HP: 29/29 MP: 3/3
   770 | D:2      | Noticed an ogre
   775 | D:2      | HP: 1/29 [ogre/+0 giant club (28)]
   776 | D:2      | Killed an ogre
   777 | D:2      | Reached XP level 4. HP: 2/37 MP: 4/4
  1020 | D:2      | Reached XP level 5. HP: 42/42 MP: 5/5
  1736 | D:3      | Reached XP level 6. HP: 47/49 MP: 6/6
  2216 | D:4      | Found a shimmering altar of Xom.
  2332 | D:4      | HP: 1/49 [ogre/+0 giant club (23)]
  2817 | D:4      | Noticed Duvessa
  2817 | D:4      | Noticed Dowan
  2837 | D:4      | Killed Duvessa
  2837 | D:4      | HP: 2/50 [Dowan/shard of ice (3)]
  2838 | D:4      | Reached skill level 5 in Fighting
  2838 | D:4      | Reached XP level 7. HP: 2/56 MP: 7/7
  2838 | D:4      | Killed Dowan
  3606 | D:5      | Entered Level 5 of the Dungeon
  3626 | D:5      | Reached skill level 5 in Armour
  3738 | D:5      | Reached skill level 5 in Axes
  3815 | D:5      | Found a radiant altar of Vehumet.
  3843 | D:5      | Found a staircase to the Ecumenical Temple.
  3863 | Temple   | Entered the Ecumenical Temple
  3890 | Temple   | Became a worshipper of the Shining One
  4139 | D:5      | Found an iron altar of Okawaru.
  4317 | D:6      | Reached XP level 8. HP: 64/64 MP: 8/8
  4420 | D:6      | Noticed a wraith
  4425 | D:6      | Killed a wraith
  4567 | D:6      | Found a sparkling altar of Nemelex Xobeh.
  4701 | D:6      | Noticed Eustachio
  4718 | D:6      | Killed Eustachio
  4734 | D:6      | Reached XP level 9. HP: 34/72 MP: 9/9
  5615 | D:7      | Identified the amulet "Peogaq" {Reflect Rampage rF+ Int+4
                  | SH+5}
  5631 | D:7      | Found a shadowy altar of Dithmenos.
  5640 | D:7      | Reached * piety under the Shining One
  6217 | D:7      | Found a burning altar of Makhleb.
  6617 | D:8      | Noticed Joseph
  6652 | D:8      | Noticed a two-headed ogre
  6656 | D:8      | Killed a two-headed ogre
  6657 | D:8      | Reached skill level 1 in Dodging
  6686 | D:8      | Reached XP level 10. HP: 70/82 MP: 10/10
  6806 | D:8      | Killed Joseph
  6948 | D:8      | Noticed Maurice
  6951 | D:8      | Paralysed by something for 5 turns
  6963 | D:8      | Maurice stole a +2 heavy sling
  6964 | D:8      | Maurice stole 38 gold
  6967 | D:8      | Maurice stole 406 gold
  6968 | D:8      | Killed Maurice
  7045 | D:8      | Found a bloodstained altar of Trog.
  7160 | D:8      | Found a shimmering blue altar of Sif Muna.
  7606 | D:9      | Found a staircase to the Lair.
  7848 | D:9      | Reached ** piety under the Shining One
  8003 | D:9      | Noticed Erolcha
  8008 | D:9      | Killed Erolcha
  8009 | D:9      | Reached XP level 11. HP: 78/90 MP: 11/11
  8151 | D:9      | Reached skill level 10 in Fighting
  8354 | D:10     | Entered Level 10 of the Dungeon
  8457 | D:10     | Reached skill level 1 in Evocations
  8467 | D:10     | Noticed Nergalle
  8665 | D:10     | Killed Nergalle
  8742 | D:10     | Found Gamasm's Magic Scroll Boutique.
  8751 | D:10     | Found a staircase to the Orcish Mines.
  8857 | D:10     | Bought a scroll of identify for 28 gold pieces
  8857 | D:10     | Bought a scroll of enchant weapon for 105 gold pieces
  8857 | D:10     | Bought a scroll of identify for 28 gold pieces
  8857 | D:10     | Bought a scroll of identify for 28 gold pieces
  8857 | D:10     | Bought a scroll of enchant weapon for 105 gold pieces
  8857 | D:10     | Bought a scroll of summoning for 133 gold pieces
  8862 | D:10     | Found Wotuphee's Antique Weapon Shop.
  8914 | D:10     | Noticed a manticore
  8921 | D:10     | Killed a manticore
  8922 | D:10     | Reached skill level 10 in Axes
  8941 | D:10     | Found an opulent altar of Gozag.
  8974 | D:10     | Found Boge's Book Shop.
  9078 | D:10     | Found Sanneib's Assorted Antiques.
  9287 | D:11     | Found Sat Vyamn's Vocational Training.
  9383 | D:11     | You fall into a shaft and drop 2 floors!
  9384 | D:13     | Found the +9 scales of the Dragon King {rPois rF+ rC+
                  | Will+}
  9559 | D:13     | Noticed a death knight
  9559 | D:13     | Noticed a skeletal warrior
  9572 | D:13     | Killed a skeletal warrior
  9573 | D:13     | Noticed a skeletal warrior
  9574 | D:13     | Noticed a phantasmal warrior
  9576 | D:13     | Killed a death knight
  9581 | D:13     | Killed a phantasmal warrior
  9584 | D:13     | Killed a skeletal warrior
  9722 | D:13     | Noticed a centaur warrior
  9723 | D:13     | Reached *** piety under the Shining One
  9729 | D:13     | Killed a centaur warrior
  9730 | D:13     | Reached XP level 12. HP: 98/100 MP: 12/12
  9732 | D:13     | Reached skill level 10 in Armour
  9826 | D:13     | Noticed a vault guard
  9826 | D:13     | Noticed a vault guard
  9826 | D:13     | Noticed a vault guard
  9826 | D:13     | Noticed a vault guard
  9832 | D:13     | Killed a vault guard
  9836 | D:13     | Killed a vault guard
  9841 | D:13     | Killed a vault guard
  9842 | D:13     | Reached skill level 5 in Dodging
  9843 | D:13     | Killed a vault guard
  9855 | D:13     | Noticed a vault guard
  9864 | D:13     | Killed a vault guard
  9872 | D:13     | Found a gate to the Vaults.
  9885 | D:13     | Identified the +6 broad axe "Myor" {freeze, Dex+4}
 10053 | D:13     | Reached skill level 5 in Evocations
 10088 | D:13     | Noticed a boulder beetle
 10096 | D:13     | Killed a boulder beetle
 10238 | D:13     | Identified the +1 robe of Dithmenos's Grace {-Tele rN+
                  | Str+3 Slay+2}
 10449 | D:12     | Found a shadowy altar of Dithmenos.
 11218 | D:11     | Reached XP level 13. HP: 108/108 MP: 13/13
 11599 | D:11     | Noticed a minotaur
 11609 | D:11     | Killed a minotaur
 11664 | D:11     | Noticed a minotaur
 11667 | D:11     | Killed a minotaur
 11675 | D:11     | Identified the staff of the Distant Future {rPois rF+ Fire
                  | Air}
 12198 | Lair:1   | Entered Level 1 of the Lair of Beasts
 12360 | Lair:1   | Found a frozen archway.
 12367 | IceCv    | Entered an ice cave
 12390 | IceCv    | Reached **** piety under the Shining One
 12742 | IceCv    | Noticed a reaper
 12747 | IceCv    | Killed a reaper
 13223 | Lair:1   | Reached XP level 14. HP: 118/118 MP: 14/14
 13223 | Lair:1   | Acquired a neoturbine N-10 {RevParry, Will+ Slay+3}
 13274 | Lair:1   | Reached ***** piety under the Shining One
 13520 | Lair:1   | Found a runed translucent door.
 13520 | Lair:1   | Found a shimmering altar of Xom.
 13520 | Lair:1   | Noticed fpsbossfight's ghost (journeyman DjAl)
 13587 | Lair:1   | Killed fpsbossfight's ghost
 14435 | Lair:3   | Found a radiant altar of Vehumet.
 15024 | Lair:3   | Identified the +12 dagger of Taxation {flame, *Corrode
                  | rElec rN+ SInv}
 15136 | Lair:3   | Found a staircase to the Swamp.
 15410 | Lair:3   | Found a hole to the Spider Nest.
 15938 | Swamp:1  | Entered Level 1 of the Swamp
 16046 | Swamp:1  | Reached XP level 15. HP: 10/126 MP: 11/15
 16399 | Swamp:1  | Noticed Jorgrun
 16947 | Swamp:1  | Killed Jorgrun
 17518 | Swamp:2  | Noticed reggie's ghost (journeyman DrHW)
 17529 | Swamp:2  | Found a runed translucent door.
 17892 | Swamp:2  | Noticed Nikola
 17919 | Swamp:2  | HP: 6/127 [Nikola/+3 rapier of electrocution (7)]
 17919 | Swamp:2  | The Shining One protects you from harm!
 17920 | Swamp:2  | Killed Nikola
 17921 | Swamp:2  | Reached skill level 10 in Evocations
 18431 | Swamp:2  | Killed reggie's ghost
 18723 | Swamp:3  | Reached ****** piety under the Shining One
 18884 | Swamp:3  | Reached skill level 15 in Fighting
 19429 | Swamp:4  | Entered Level 4 of the Swamp
 19509 | Swamp:4  | Reached XP level 16. HP: 79/136 MP: 16/16
 20097 | Swamp:4  | Reached skill level 15 in Axes
 20533 | Swamp:4  | Noticed the 27-headed Lernaean hydra
 20669 | Swamp:4  | Killed the 26-headed Lernaean hydra
 21003 | Swamp:4  | Got a decaying rune of Zot
 22086 | Lair:5   | Entered Level 5 of the Lair of Beasts
 22351 | Lair:5   | Found a staircase to the Slime Pits.
 22912 | Lair:5   | Reached XP level 17. HP: 144/144 MP: 17/17
 23428 | Lair:5   | Identified the +6 rapier of Painful Death {speed, Int+3}
 23459 | Lair:5   | Reached skill level 15 in Armour
 23840 | Orc:1    | Entered Level 1 of the Orcish Mines
 23972 | Orc:1    | Found Moim's Armour Boutique.
 24174 | Orc:1    | Noticed Urug
 24179 | Orc:1    | Killed Urug
 24541 | Orc:1    | Identified the +5 dagger "Quuxoty" {vamp, rPois Str+2}
 24544 | Orc:1    | Identified the +9 scimitar of Hebaif {holy, rF+ Will+
                  | Str+3}
 24545 | Orc:1    | Identified the +6 morningstar of the Thieving Tiger {spect,
                  | rElec}
 24546 | Orc:1    | Identified the +7 glaive of Moderation {heavy, MP-9 Dex+7}
 24736 | Orc:2    | Entered Level 2 of the Orcish Mines
 25134 | Orc:2    | Found a staircase to the Elven Halls.
 25161 | Orc:2    | Found a runed translucent door.
 25167 | Orc:2    | Found a shimmering altar of Xom.
 25167 | Orc:2    | Noticed Konar's ghost (journeyman CoHs)
 25180 | Orc:2    | Killed Konar's ghost
 25297 | Orc:2    | Reached skill level 10 in Dodging
 25410 | Orc:2    | Gained mutation: You occasionally lose the ability to drink
                  | potions when taking damage. [a neqoxec]
 25518 | Orc:2    | Found a roughly hewn altar of Beogh.
 25613 | Orc:2    | Found Inwuos's Weapon Shop.
 25613 | Orc:2    | Found Wipp's Jewellery Boutique.
 25614 | Orc:2    | Found Sime's Jewellery Boutique.
 25618 | Orc:2    | Found Esecy's General Store.
 25737 | Orc:2    | Found Miutoil's Antique Weapon Shop.
 26097 | Spider:1 | Entered Level 1 of the Spider Nest
 26610 | Spider:1 | Identified the serpent talisman of the True Pharaoh {*Slow
                  | rN+ Stlth+}
 26610 | Spider:1 | Noticed Aizul
 26621 | Spider:1 | Killed Aizul
 27020 | Spider:1 | Identified the blade talisman "Fuqaohar" {rPois rF+ rC++
                  | Int-5}
 27157 | Spider:1 | Reached XP level 18. HP: 154/154 MP: 18/18
 30620 | Spider:4 | Entered Level 4 of the Spider Nest
 30748 | Spider:4 | Noticed Mlioglotl
 30754 | Spider:4 | Killed Mlioglotl
 30755 | Spider:4 | Noticed Arachne
 30763 | Spider:4 | Killed Arachne
 30977 | Spider:4 | HP: 7/156 [poisoned by a wolf spider]
 30978 | Spider:4 | HP: 3/156 [poisoned by a wolf spider]
 30979 | Spider:4 | Succumbed to a wolf spider's poison

Illustrated notes

Levels and vault maps discovered:
D:1:      minmay_arrival_open_corners, layout_basic
D:2:      layout_loops_ring, minmay_misc_feat_doors
D:3:      layout_rooms, chequers_garden, minmay_close_crescents
D:4:      layout_layer_cave, xom_teletrap_fun, wad_orctagon, uniq_duvessa
D:5:      layout_rooms, vehumet_altar_wand_db, lemuel_tele_altar,
          temple_fountains, st_stairs_1
D:6:      kennysheep_kobold_camp, layout_loops_cross,
          nemelex_spade_bored_becter, uniq_eustachio
D:7:      layout_basic, mainiacjoe_overflow_24_doors, lemuel_crystal_altar
D:8:      layout_cave_pools, bloody_trog, nicolae_sif_muna_condensation,
          serial_column_ruins, column_ruins_square_medium,
          column_ruins_square_medium, column_ruins_columns_straight,
          column_ruins_columns_T, column_ruins_open_tiny, column_ruins_grid_3,
          column_ruins_open_tiny, uniq_maurice, uniq_joseph
D:9:      layout_gridville, david_lair_shrubbed, the_hattery, uniq_erolcha
D:10:     layout_roguey, mainiacjoe_overflow_surrounded_room, david_orc_3,
          serial_shops, nicolae_square_shop, shop,
          nicolae_shop_tiny_real_fake_doors, shop, hex_large, uniq_nergalle
D:11:     fort_yaktaur, layout_basic, nicolae_shop_vocational
D:12:     layout_stronghold, nicolae_dithmenos_the_darkroom
D:13:     layout_basic, ximxim_vaults_locker_room, serial_curves,
          eino_curves_01, eino_curves_01
Temple:   oiseaux_autumnal_temple
Lair:1:   layout_cave_pods, ebering_ghost_xom, portal_ice_cave_entry_pillars_2,
          grunt_megastairs_4
Lair:2:   layout_chaotic_city, lemuel_fruit_tree
Lair:3:   nzn_winding_woodlands_stair_trap [nzn_winding_woodlands_5x15_zeroes,
          nzn_winding_woodlands_5x15_sawtooth,
          nzn_winding_woodlands_5x15_jagged,
          nzn_winding_woodlands_15x15_five_gardens,
          nzn_winding_woodlands_5x15_eye, nzn_winding_woodlands_5x15_default,
          nzn_winding_woodlands_5x15_pockets], layout_regular_city,
          minmay_swamp_entry_swarm, hellmonk_spider_entry_life_and_decay,
          basic_altar, kennysheep_rathole
Lair:4:   lemuel_reptile_caves, layout_hall_layers,
          grunt_forest_small_clearings, columned_hall_lemuel,
          grunt_forest_large_clearing_hut
Lair:5:   due_jungle_book, layout_loops_ring, slime_entry_1,
          chequers_serial_rivers_micro_c
Swamp:1:  layout_basic_swamp, nicolae_swamp_little_swirl,
          infiniplex_staircase_pool_2, uniq_jorgrun
Swamp:2:  layout_basic_swamp, hellmonk_ghost_happy_afterlife,
          evilmike_swamp_ruin_rubble_2, swamp_pool_3, hangedman_swamp_diagram,
          uniq_nikola
Swamp:3:  layout_basic_swamp, evilmike_swamp_ruin_house_1
Swamp:4:  swamp_old_school, layout_basic_swamp, swamp_pool_5
Spider:1: layout_chambers, uniq_aizul
Spider:2: layout_chambers, hangedman_spider_tarantella_strand
Spider:3: layout_chambers
Spider:4: grunt_spider_rune_island, nicolae_looking_at_the_future, uniq_arachne,
          uniq_mara, uniq_mlioglotl
Orc:1:    giant_chief_lemuel, layout_caves, serial_shops,
          nicolae_shop_gibbet_a_chance, uniq_urug
Orc:2:    st_orc_mages, layout_caves, serial_shops, shop, ebering_ghost_xom,
          regret_index_minedec_shroomtown_chain, minmay_orc_temple_c

Skill      XL: |  1  2  3  4  5  6  7  8  9 10 11 12 13 14 15 16 17 18 |
---------------+-------------------------------------------------------+-----
Armour         | 3 4 5 6 7 8 9 11 12 13 14 15 16 | 16.3
Fighting       | 4 5 7 8 9 11 12 13 14 15 16 17 | 17.7
Axes           | 3 4 5 6 8 9 10 11 12 13 14 15 16 17 | 17.5
Dodging        | 1 3 4 5 6 7 8 9 10 | 10.8
Evocations     | 3 6 7 9 10 11 12 13 | 13.6
Shields        | |  2.1

Action                     |  1- 3 |  4- 6 |  7- 9 | 10-12 | 13-15 | 16-18 || total
---------------------------+-------+-------+-------+-------+-------+-------++-------
  Melee: War axe           |    39 |   100 |   165 |   184 |   425 |   303 ||  1216
         Dagger            |    28 |       |       |       |       |       ||    28
         Hand axe          |       |    89 |   146 |   131 |       |       ||   366
         Broad axe         |       |       |       |    35 |   434 |  1171 ||  1640
  Throw: Dart              |     3 |     3 |     1 |    10 |       |     5 ||    22
         Throwing net      |       |       |       |       |     6 |     4 ||    10
 Invoke: Divine Shield     |       |       |       |     2 |     6 |     3 ||    11
Ability: Invent Gizmo      |       |       |       |       |     1 |       ||     1
  Evoke: Wand              |       |       |       |     5 |     6 |    40 ||    51
         Phial of floods   |       |       |       |       |     1 |       ||     1
    Use: Scroll            |       |    10 |    12 |    10 |     5 |    13 ||    50
         Potion            |       |       |     1 |     1 |     1 |     4 ||     7
 Armour: Scale mail        |    39 |    89 |       |       |       |       ||   128
         Chain mail        |       |       |   204 |   144 |       |       ||   348
         Gold dragon scale |       |       |       |   139 |   715 |   949 ||  1803
  Dodge: Dodged            |    23 |    60 |    88 |   102 |   122 |   366 ||   761
  Block: Buckler           |     3 |       |       |       |       |       ||     3
         Other             |       |       |       |     4 |     8 |    13 ||    25

Table legend: (Time is in decaauts)
 A = Elapsed time spent in this place.
 B = Non-inter-level travel time spent in this place.
 C = Inter-level travel time spent in this place.
 D = Time resting spent in this place.
 E = Time spent auto-exploring this place.
 F = Levels seen in this place.
 G = Mean time per level.
                   A        B        C        D        E       F      G
               +--------+--------+--------+--------+--------+-----+--------+
         Total |  31367 |  29519 |   1848 |   1648 |  23253 |  30 | 1045.6 |
       Dungeon |  12401 |  11648 |    753 |    443 |   9468 |  13 |  953.9 |
        Temple |     54 |      2 |     52 |      0 |      0 |   1 |   54.0 |
          Lair |   5936 |   5532 |    404 |    452 |   4143 |   5 | 1187.2 |
         Swamp |   5643 |   5438 |    205 |    522 |   4178 |   4 | 1410.8 |
   Spider Nest |   4815 |   4499 |    316 |     21 |   3865 |   4 | 1203.8 |
  Orcish Mines |   2051 |   1935 |    116 |    209 |   1279 |   2 | 1025.5 |
      Ice Cave |    463 |    463 |      0 |      0 |    319 |   1 |  463.0 |
               +--------+--------+--------+--------+--------+-----+--------+

Top non-repeatable levels by time:
 Swamp:4: 1854 daAuts
  Lair:3: 1683 daAuts
Spider:2: 1666 daAuts
     D:4: 1613 daAuts
  Lair:5: 1559 daAuts
Spider:1: 1450 daAuts
Spider:3: 1449 daAuts
 Swamp:1: 1442 daAuts
     D:6: 1410 daAuts
 Swamp:2: 1292 daAuts
   Orc:2: 1131 daAuts
  Lair:1: 1124 daAuts
    D:11: 1114 daAuts
     D:9: 1090 daAuts
     D:7: 1062 daAuts
